 Dungeon Crawl Stone Soup version 0.28.0-53-g5a82cb258f (webtiles) character file.

Game seed: 4305009428954373965

1210 styxcanada the Covert (level 8, -18/40 HPs)
             Began as a Spriggan Brigand on Aug 14, 2022.
             Killed from afar by Maggie (26 damage)
             ... with a bolt of fire
             ... on level 6 of the Dungeon.
             The game lasted 00:23:34 (5542 turns).

styxcanada the Covert (Spriggan Brigand)            Turns: 5542, Time: 00:23:35

Health: -18/40     AC:  4    Str:  7    XL:     8   Next: 22%
Magic:  9/9        EV: 18    Int: 12    God:
Gold:   140        SH:  7    Dex: 19    Spells: 7/7 levels left

rFire   . . .      SeeInvis +   v - +9 quick blade of Melee {freeze, rC- Will++ SInv}
rCold   . . .      Faith    .   f - +0 buckler
rNeg    . . .      Spirit   .   b - +0 robe
rPois   .          Reflect  .   (helmet restricted)
rElec   .          Harm     .   c - +1 cloak
rCorr   .          Rampage  .   (gloves unavailable)
Will    +++..                   (boots unavailable)
Stlth   +++++.....              (no amulet)
HPRegen 0.13/turn               g - +4 ring of slaying
MPRegen 0.11/turn               k - ring of protection from cold

@: very quick
A: very small, no large weapons, unfitting armour, see invisible, speed 3
a: no special abilities


You were on level 6 of the Dungeon.
You visited 1 branch of the dungeon, and saw 6 of its levels.

You collected 215 gold pieces.
You spent 75 gold pieces at shops.

Inventory:

Hand Weapons
 a - a +2 dagger
 j - a +0 hunting sling
 n - a +1 short sword of venom
 v - the +9 quick blade of Melee (weapon) {freeze, rC- Will++ SInv}
   (You acquired it on level 5 of the Dungeon)

   It freezes those it strikes, dealing additional cold damage.
   It can also slow down cold-blooded creatures.
   rC:        It makes you vulnerable to cold.
   SInv:      It lets you see invisible.
   Will:      It greatly increases your willpower.
Missiles
 d - 3 poisoned darts (quivered)
 i - 156 stones
 p - 32 sling bullets
Armour
 b - a +0 robe (worn)
 c - a +1 cloak (worn)
 f - a +0 buckler (worn)
Jewellery
 g - a +4 ring of slaying (left hand)
 k - a ring of protection from cold (right hand)
 s - a +6 ring of intelligence
Wands
 l - a wand of digging (7)
Potions
 h - a potion of brilliance
 m - 3 potions of might
 o - a potion of degeneration {unknown}
 q - a potion of lignification {unknown}
 r - 3 potions of flight
 t - a potion of mutation
 u - a potion of ambrosia {unknown}
 w - 2 potions of haste {unknown}


   Skills:
 * Level 3.0 Fighting
 + Level 4.4 Short Blades
 + Level 3.7 Throwing
 * Level 4.2 Dodging
 * Level 11.0 Stealth
 * Level 2.3 Shields
 * Level 2.7 Evocations


You had 7 spell levels left.
You didn't know any spells.
Your spell library contained the following spells:

 Spells                   Type           Power      Damage    Failure   Level
 Beastly Appendage        Tmut           0%         N/A       56%         1
 Wereblood                Tmut           0%         N/A       71%         2
 Gell's Gravitas          Tloc           0%         N/A       90%         3
 Lesser Beckoning         Tloc           0%         N/A       90%         3
 Spider Form              Tmut/Pois      0%         N/A       90%         3
 Teleport Other           Tloc           0%         N/A       90%         3
 Alistair's Intoxication  Tmut/Pois      0%         N/A       100%        5
 Borgnjor's Vile Clutch   Necr/Erth      0%         N/A       100%        5
 Eringya's Noxious Bog    Tmut/Pois      0%         N/A       100%        6


Dungeon Overview and Level Annotations

Branches:
Dungeon (6/15)
 Temple: D:4-7

Altars:

Shops:
D:5 :*(

Annotations:
D:6 Maggie


Innate Abilities, Weirdness & Mutations

You are very small and have problems with some larger weapons.
You are too small for most types of armour.
You have supernaturally acute eyesight. (SInv)
You cover ground extremely quickly. (Speed+++)


Message History

Throw: 7 darts (poison)
Press: ? - help, Q - select action, (/) - cycle Shift-Dir - straight line, f/p - Maggie
Aim: Maggie, wielding the +9 lance "Wyrmbane" {slay drac, rPois rF+ rC+ AC+3} and wearing +1 swamp dragon scales (heavily wounded, 70% to hit)
You throw a poisoned dart. The poisoned dart hits Maggie.
Maggie is heavily wounded.
Throw: 6 darts (poison)
Press: ? - help, Q - select action, (/) - cycle Shift-Dir - straight line, f/p - Maggie
Aim: Maggie, wielding the +9 lance "Wyrmbane" {slay drac, rPois rF+ rC+ AC+3} and wearing +1 swamp dragon scales (heavily wounded, 70% to hit)
You throw a poisoned dart. The poisoned dart hits Maggie!
Maggie is poisoned.
Maggie is heavily wounded.
Throw: 5 darts (poison)
Press: ? - help, Q - select action, (/) - cycle Shift-Dir - straight line, f/p - Maggie
Aim: Maggie, wielding the +9 lance "Wyrmbane" {slay drac, rPois rF+ rC+ AC+3} and wearing +1 swamp dragon scales (heavily wounded, very poisoned, 70% to hit)
You throw a poisoned dart. The poisoned dart hits Maggie.
Maggie is heavily wounded.
Maggie casts a spell at you. The bolt of fire misses you.
Maggie casts a spell.
Maggie attempts to bespell you! You resist with almost no effort.
You see here a poisoned dart.
d - 5 poisoned darts (gained 1) Throw: 5 darts (poison)
Press: ? - help, Q - select action, (/) - cycle Shift-Dir - straight line, f/p - Maggie
Aim: Maggie, wielding the +9 lance "Wyrmbane" {slay drac, rPois rF+ rC+ AC+3} and wearing +1 swamp dragon scales (heavily wounded, very poisoned, 70% to hit)
You throw a poisoned dart.
The poisoned dart completely misses Maggie.
Throw: 4 darts (poison)
Press: ? - help, Q - select action, (/) - cycle Shift-Dir - straight line, f/p - Maggie
Aim: Maggie, wielding the +9 lance "Wyrmbane" {slay drac, rPois rF+ rC+ AC+3} and wearing +1 swamp dragon scales (heavily wounded, very poisoned, 70% to hit)
You throw a poisoned dart.
The poisoned dart closely misses Maggie.
Maggie smiles, but it's obviously fake.
Found a stone staircase leading down.
Maggie looks more healthy.
Maggie mumbles some strange words.
Maggie attempts to bespell you! You resist with almost no effort.
Maggie gestures at you while chanting. The bolt of fire hits you!!
Ouch! That really hurt!
You die...

#..# #######..#
######.......$#
#.............#
#........@$...#
#.............#
#.............#
#..........(..#
#..........)(@#
#....(..#####(#
#.......# #†#
####....# #.#
#.#### #.#
#.########.#######
..#...........@..#
####.#####.######(#
........<.@....#


You could see Maggie.

Vanquished Creatures
  Sigmund (D:2)
  An ice beast (D:5)
  An ogre (D:6)
  A necrophage (D:5)
  2 scorpions
  A water moccasin zombie (D:5)
  4 hounds
  A bullfrog skeleton (D:6)
  2 centaur skeletons
  An orc priest (D:5)
  An iguana (D:6)
  9 orc wizards
  A howler monkey skeleton (D:5)
  3 adders
  An ufetubus (D:5)
  An adder skeleton (D:4)
  3 dart slugs
  11 orcs
  7 ball pythons
  5 bats
  5 endoplasms
  A giant cockroach (D:1)
  4 goblins (D:1)
  4 hobgoblins
  10 jackals
  9 kobolds
  3 quokkas
  5 rats
98 creatures vanquished.

Notes
Turn   | Place    | Note
-------+----------+-------------------------------------------
     0 | D:1      | styxcanada the Spriggan Brigand began the quest for the
                  | Orb.
     0 | D:1      | Reached XP level 1. HP: 10/10 MP: 2/2
   112 | D:1      | Reached skill level 6 in Stealth
   270 | D:1      | Reached XP level 2. HP: 14/14 MP: 3/3
   473 | D:1      | Reached skill level 7 in Stealth
   968 | D:1      | Reached XP level 3. HP: 18/18 MP: 4/4
  1621 | D:2      | Noticed Sigmund
  1660 | D:2      | Killed Sigmund
  1661 | D:2      | Reached skill level 8 in Stealth
  1661 | D:2      | Reached skill level 1 in Shields
  1661 | D:2      | Reached XP level 4. HP: 17/23 MP: 5/5
  1661 | D:2      | Reached XP level 5. HP: 19/26 MP: 6/6
  1836 | D:2      | Reached XP level 6. HP: 15/30 MP: 7/7
  3822 | D:4      | Reached skill level 9 in Stealth
  4206 | D:5      | Entered Level 5 of the Dungeon
  4252 | D:5      | Found Furus's Assorted Antiques.
  4258 | D:5      | Found Josy's Weapon Boutique.
  4267 | D:5      | Bought a scroll labelled ZOFOC XAEV for 27 gold pieces
  4267 | D:5      | Bought 2 fuming yellow potions for 48 gold pieces
  4309 | D:5      | Acquired the +9 quick blade of Melee {freeze, rC- Will++
                  | SInv}
  4349 | D:5      | Reached XP level 7. HP: 35/35 MP: 8/8
  4356 | D:5      | Reached skill level 1 in Evocations
  4718 | D:5      | Reached skill level 10 in Stealth
  5073 | D:5      | Found Jad Wate's Book Emporium.
  5198 | D:5      | Reached XP level 8. HP: 36/39 MP: 9/9
  5412 | D:6      | Noticed Maggie
  5454 | D:6      | Reached skill level 11 in Stealth
  5542 | D:6      | Killed from afar by Maggie

Illustrated notes

Levels and vault maps discovered:
D:1:      dpeg_arrival_subterranean_lakeside_camping, layout_basic,
          kennysheep_doodads, minmay_pentomino_z4
D:2:      layout_basic, hex_large, minmay_liquid_box, uniq_sigmund
D:3:      layout_loops_ring
D:4:      layout_rooms, kennysheep_generic_room_3
D:5:      layout_basic, serial_shops, nicolae_shop_hallway_stairs, shop,
          nicolae_shop_statue_plus, serial_bayou, serial_bayou_pond_d,
          serial_bayou_shore_a, serial_bayou_pond_e, serial_bayou_pond_b,
          serial_bayou_lagoon_a, solitary_fountain
D:6:      layout_basic, minmay_misc_feat_alley, chequers_serial_rivers_small_a,
          uniq_maggie, uniq_crazy_yiuf_cottage

Skill      XL: |  1  2  3  4  5  6  7  8 |
---------------+-------------------------+-----
Stealth        | 6 7 8 9 10 11 | 11.0
Fighting       | 2 3 |  3.0
Short Blades   | 3 4 |  4.4
Dodging        | 2 3 4 |  4.2
Shields        | 1 2 |  2.3
Throwing       | 3 |  3.7
Evocations     | 2 |  2.7

Action                   |  1- 3 |  4- 6 |  7- 9 || total
-------------------------+-------+-------+-------++-------
Melee: Dagger            |    67 |    24 |       ||    91
       Short sword       |       |    35 |       ||    35
       Quick blade       |       |     1 |    63 ||    64
Throw: Dart              |    24 |    23 |    22 ||    69
       Stone             |       |       |     2 ||     2
  Use: Scroll            |       |    12 |     2 ||    14
       Potion            |       |       |     1 ||     1
 Stab: Sleeping          |    12 |    12 |     5 ||    29
       Distracted        |       |     2 |       ||     2
Armor: Robe              |    10 |     1 |     4 ||    15
Dodge: Dodged            |    39 |    42 |    19 ||   100
Block: Buckler           |     7 |     8 |    11 ||    26
